 Dungeon Crawl Stone Soup version 0.30-a0-1161-g0704695555 (webtiles) character file.

Game seed: 11042243253713127616

269 Dittersdorf the Covered (level 6, -6/39 HPs)
             Began as a Gargoyle Fighter on Apr 27, 2023.
             Mangled by Edmund
             ... wielding a +4 dire flail of protection
              (8 damage)
             ... on level 3 of the Dungeon.
             The game lasted 00:03:07 (2703 turns).

Dittersdorf the Covered (Gargoyle Fighter)          Turns: 2703, Time: 00:03:07

Health: -6/39      AC: 16    Str: 21    XL:     6   Next: 22%
Magic:  6/6        EV:  8    Int:  9    God:
Gold:   152        SH:  5    Dex: 15    Spells: 5/5 levels left

rFire   + . .        a - +0 flail
rCold   . . .        c - +0 buckler
rNeg    + . .        B - +0 chain mail
rPois   ∞            (no helmet)
rElec   +            v - +0 cloak
rCorr   .            h - +0 pair of gloves
SInv    .            (no boots)
Will    .....        n - amulet of the acrobat Stlth
                     u - ring of protection from fire
HPRegen 0.26/turn    y - +6 ring of dexterity
MPRegen 0.10/turn

%: acrobat
@: no status effects
A: sickness immunity, AC +4, negative energy resistance 1, electricity
resistance, torment resistance 1, petrification resistance
a: no special abilities


You were on level 3 of the Dungeon.
You visited 1 branch of the dungeon, and saw 4 of its levels.

You collected 152 gold pieces.

Inventory:

Hand Weapons
 a - a +0 flail (weapon)
Missiles
 g - 2 poisoned darts (quivered)
Armour
 c - a +0 buckler (worn)
 h - a +0 pair of gloves (worn)
 v - a +0 cloak (worn)
 B - a +0 chain mail (worn)
Jewellery
 n - an amulet of the acrobat (around neck)
 u - a ring of protection from fire (left hand)
 y - a +6 ring of dexterity (right hand)
Scrolls
 f - 6 scrolls of identify
 i - a scroll of immolation {unknown}
 l - a scroll of fear {unknown}
 m - 3 scrolls of teleportation {unknown}
 o - a scroll of silence {unknown}
 q - a scroll of summoning {unknown}
 s - a scroll of noise {unknown}
 t - a scroll of torment {unknown}
 A - a scroll of acquirement {unknown}
Potions
 d - 3 potions of might
 e - 2 potions of flight
 j - 3 potions of magic
 k - 2 potions of brilliance {unknown}
 p - a potion of attraction {unknown}
 r - a potion of degeneration {unknown}
 w - a potion of lignification {unknown}
 x - a potion of cancellation {unknown}
 z - a potion of mutation {unknown}


   Skills:
 + Level 4.6 Fighting
 + Level 3.5 Maces & Flails
 + Level 4.6 Armour
 + Level 4.6 Shields


You had 5 spell levels left.
You didn't know any spells.
Your spell library contained the following spells:

 Spells                   Type           Power      Damage    Failure   Level
 Necrotise                Necr           0%         1d4       97%         1
 Vampiric Draining        Necr           0%         2d6       100%        3
 Agony                    Necr           0%         N/A       100%        5


Dungeon Overview and Level Annotations

Branches:
Dungeon (4/15)
 Temple: D:4-7

Altars:
Dithmenos
Gozag
Wu Jian

Annotations:
D:3 Edmund


Innate Abilities, Weirdness & Mutations

You are immune to sickness and miasma.
Your stone body is resilient. (AC +4)
You are immune to poison.
You resist negative energy. (rN+)
You are resistant to electric shocks. (rElec)
You are resistant to unholy torment.
You are immune to petrification.


Message History

Edmund hits you but does no damage.
You barely miss Edmund.
Edmund is moderately wounded.
Edmund says, "What use are spells, anyway?"
Edmund hits you with a +4 dire flail of protection.
You barely miss Edmund.
Edmund is moderately wounded.
Edmund hits you with a +4 dire flail of protection. x2
You hit Edmund.
Edmund is moderately wounded.
Edmund zaps a wand.
The puff of flame hits you but does no damage.
You barely miss Edmund.
Edmund is moderately wounded.
Edmund says, "I'm quite good with sums, too."
Edmund hits you but does no damage.
You closely miss Edmund.
Edmund is moderately wounded.
Edmund zaps a wand.
The puff of flame hits you but does no damage.
You resist.
You sock Edmund!
Edmund is heavily wounded.
Edmund barely misses you.
Edmund zaps a wand.
The puff of flame misses you.
You barely miss Edmund.
Edmund is heavily wounded.
Edmund hits you with a +4 dire flail of protection!
* * * LOW HITPOINT WARNING * * *
You barely miss Edmund.
Edmund is heavily wounded.
Edmund hits you with a +4 dire flail of protection!
* * * LOW HITPOINT WARNING * * *
You barely miss Edmund.
Edmund is heavily wounded.
You block Edmund's attack.
You closely miss Edmund.
Edmund is heavily wounded.
You block Edmund's attack.
Edmund hits you with a +4 dire flail of protection!
You die...

#.#..'..................###....##
######...............#.........#.
#####.######)...#.#####...#.
######.#####.......# ###...
+####............#+##..# #...#.
)))##..........#.#.....#####'#.#.
.#≈##########..#.##..####......##
.≈≈# #.....@#.............## ≈≈≈#
#.....@................ §≈.#
#....####.............# ...#
#....# #......###'#### _..#
#....# ##.##### #.# ...# #....#
#.# #.#### ...# #....# #.# #....#
.### #.#### #.# #.##.#
'##########.# #.#######§##.#
............# #...(..#.§§#..


You could see Edmund.

Vanquished Creatures
  Sigmund (D:2)
  Crazy Yiuf (D:2)
  2 adders (D:3)
  2 dart slugs (D:1)
  3 bats
  4 endoplasms
  11 giant cockroaches
  2 goblins
  2 hobgoblins
  4 quokkas
  7 ball pythons
  A frilled lizard (D:2)
  7 kobolds
47 creatures vanquished.

Notes
Turn   | Place    | Note
-------+----------+-------------------------------------------
     0 | D:1      | Dittersdorf the Gargoyle Fighter began the quest for the
                  | Orb.
     0 | D:1      | Reached XP level 1. HP: 14/14 MP: 1/1
   180 | D:1      | Reached XP level 2. HP: 19/19 MP: 2/2
  1147 | D:2      | Reached XP level 3. HP: 23/23 MP: 3/3
  1427 | D:2      | Noticed Sigmund
  1444 | D:2      | Killed Sigmund
  1445 | D:2      | Reached XP level 4. HP: 22/30 MP: 4/4
  1445 | D:2      | Reached XP level 5. HP: 25/34 MP: 5/5
  1510 | D:2      | Found a runed translucent door.
  1511 | D:2      | Noticed Crazy Yiuf
  1850 | D:2      | Killed Crazy Yiuf
  1851 | D:2      | Reached XP level 6. HP: 37/39 MP: 6/6
  2099 | D:3      | Found an opulent altar of Gozag.
  2578 | D:3      | Found an ornate altar of the Wu Jian Council.
  2585 | D:3      | Identified the +0 leather armour "Giman" {Contam rElec
                  | SInv}
  2626 | D:3      | Found a shadowy altar of Dithmenos.
  2679 | D:4      | Noticed Edmund
  2701 | D:3      | HP: 1/39 [Edmund/+4 dire flail of protection (9)]
  2703 | D:3      | Mangled by Edmund

Illustrated notes

Levels and vault maps discovered:
D:1:      psy_arrival_radial01, layout_basic
D:2:      minmay_roachtagon, layout_loops_ring, minmay_pentomino_pile,
          uniq_crazy_yiuf_cottage, uniq_sigmund
D:3:      layout_basic, grunt_dithmenos_smoke_and_mirrors, old_standard_altar,
          nicolae_wu_jian_glorious_leap, moated_statue, glass_columns_a
D:4:      layout_loops_cross, xom_butterflies, ashenzari_altar_1,
          gup_sewer_entry_bowl, uniq_edmund, uniq_pikel

Skill      XL: |  1  2  3 |
---------------+----------+-----
Fighting       | 4 |  4.6
Maces & Flails | 3 |  3.5
Armour         | 4 |  4.6
Shields        | 4 |  4.6

Action                     |  1- 3 |  4- 6 || total
---------------------------+-------+-------++-------
  Melee: Flail             |   105 |    55 ||   160
  Throw: Dart              |     6 |     7 ||    13
    Use: Scroll            |       |     2 ||     2
 Armour: Scale mail        |    54 |    15 ||    69
         Chain mail        |       |     4 ||     4
  Dodge: Dodged            |    48 |    26 ||    74
  Block: Buckler           |    26 |    20 ||    46

Table legend: (Time is in decaauts)
 A = Elapsed time spent in this place.
 B = Non-inter-level travel time spent in this place.
 C = Inter-level travel time spent in this place.
 D = Time resting spent in this place.
 E = Time spent auto-exploring this place.
 F = Levels seen in this place.
 G = Mean time per level.
                   A        B        C        D        E       F      G
               +--------+--------+--------+--------+--------+-----+--------+
         Total |   2749 |   2622 |    127 |      0 |   2177 |   4 |  687.2 |
       Dungeon |   2749 |   2622 |    127 |      0 |   2177 |   4 |  687.2 |
               +--------+--------+--------+--------+--------+-----+--------+

Top non-repeatable levels by time:
     D:1: 1053 daAuts
     D:2: 932 daAuts
     D:3: 756 daAuts
     D:4: 6 daAuts
